AoeStats
← Krislar

Lombardia

510133836Analyzed
3v3 RM · 3d ago on Sep 29, 2026· 18m 52s· 6 players
Game mode
Random Map
Map size
Normal (6 player)
Population
200
Speed
Normal
Resources
Standard
Victory
Conquest
Starting age
Dark Age
Ending age
Imperial Age
RankedLock teamsTeams togetherTeam positionsShared explorationLock speedFull tech treeHidden civsTurbo modeCheats
Victory
Defeat
🇬🇧 Varangians · United Kingdom
1404
+13
🇬🇧 Mongols · United Kingdom
1403
+13
🇬🇧 Maya · United Kingdom
1394
+13
🇧🇾 Poles · Belarus
1385
-15
🇧🇷 Magyars · Brazil
1324
-13
🇦🇷 Cumans · Argentina
1278
-11
cesarmmartins
6:47 Loom
9:49 Feudal Age
11:09 Double-Bit Axe
11:07 Horse Collar
rloy
7:10 Loom
9:39 Feudal Age
10:49 Double-Bit Axe
10:48 Horse Collar
HURMA
7:48 Loom
11:13 Feudal Age
12:23 Horse Collar
14:02 Double-Bit Axe
15:54 Forging
15:51 Scale Barding Armor
16:17 Bloodlines
17:50 Wheelbarrow
squoshmosh
0:33 Loom
9:49 Feudal Age
11:13 Double-Bit Axe
13:35 Fletching
Nozyspy
7:26 Loom
10:43 Feudal Age
13:05 Bloodlines
13:16 Double-Bit Axe
14:04 Bloodlines
15:46 Scale Barding Armor
Krislar
7:32 Feudal Age
7:16 Loom
8:48 Double-Bit Axe
19:26 Castle Age
Connection lost

Rejoining the realm…

Still unreachable

The connection could not be restored.

Session expired

The server has moved on; the page needs a fresh start.